 Dungeon Crawl Stone Soup version 0.28.0-53-g5a82cb258f (webtiles) character file.

Game seed: 15446161416667227689

47188 SanguineChosen the Severer (level 14, 0/135 HPs)
             Began as a Minotaur Berserker on Aug 5, 2022.
             Was an Elder of Trog.
             Killed from afar by a lindwurm (39 damage)
             ... with a blast of flame
             ... on level 6 of the Lair of Beasts on Aug 6, 2022.
             The game lasted 01:32:30 (20866 turns).

SanguineChosen the Severer (Minotaur Berserker)    Turns: 20866, Time: 01:32:30

Health: 0/135      AC: 40    Str: 27    XL:     14   Next: 7%
Magic:  13/13      EV:  8    Int:  7    God:    Trog [****..]
Gold:   1423       SH:  6    Dex: 14    Spells: 13/13 levels left

rFire   . . .      SeeInvis +   y - +5 hand axe
rCold   . . .      Faith    .   e - +0 buckler
rNeg    . . .      Spirit   .   f - +8 orange crystal plate armour {Archmagi, Int+3 Clar}
rPois   .          Reflect  .   (helmet restricted)
rElec   .          Harm     .   k - +2 cloak
rCorr   +          Rampage  .   c - +1 pair of gloves
Will    +++..      Archmagi +   B - +0 pair of boots
Stlth   .......... Clarity  +   (no amulet)
HPRegen 1.32/turn               l - ring "Reucoil" {Fly Dex+4 SInv Stlth+}
MPRegen 0.13/turn               p - ring of resist corrosion

@: strong-willed, flying, regenerating, slowed, very slow
A: horns 2, retaliatory headbutt
a: Renounce Religion, Berserk, Trog's Hand, Brothers in Arms


You were on level 6 of the Lair of Beasts.
You worshipped Trog.
Trog was greatly pleased with you.
You visited 2 branches of the dungeon, and saw 15 of its levels.

You collected 1423 gold pieces.

Inventory:

Hand Weapons
 b - a +1 flail of protection
 r - the +12 spear "Bunet" {freeze, Fragile Int+2 Dex+6}
   (You took it off a spriggan on level 9 of the Dungeon)

   It freezes those it strikes, dealing additional cold damage.
   It can also slow down cold-blooded creatures.
   Int:       It affects your intelligence (+2).
   Dex:       It affects your dexterity (+6).
   Fragile:   It will be destroyed if unequipped.
 y - a +5 hand axe (weapon)
 E - a +0 war axe
Missiles
 j - 3 throwing nets
 m - 11 poisoned darts (quivered)
Armour
 c - a +1 pair of gloves (worn)
 e - a +0 buckler (worn)
 f - the +8 orange crystal plate armour (worn) {Archmagi, Int+3 Clar}
   (You acquired it on level 4 of the Dungeon)

   Int:       It affects your intelligence (+3).
   Clar:      It protects you against confusion.
 k - a +2 cloak (worn)
 B - a +0 pair of boots (worn)
 C - +0 acid dragon scales
Jewellery
 l - the ring "Reucoil" (left hand) {Fly Dex+4 SInv Stlth+}
   (You found it on level 4 of the Dungeon)

   [ring of see invisible]

   Dex:       It affects your dexterity (+4).
   SInv:      It lets you see invisible.
   Fly:       It grants you flight.
   Stlth:     It makes you more stealthy.
 p - a ring of resist corrosion (right hand)
 D - a ring of flight
 F - a ring of protection from cold
Wands
 n - a wand of iceblast (32)
 o - a wand of paralysis (11)
 t - a wand of mindburst (25)
 v - a wand of acid (11)
 w - a wand of digging (2)
 A - a wand of flame (10)
Scrolls
 a - a scroll of magic mapping
 g - 11 scrolls of teleportation
 q - 2 scrolls of identify
 G - a scroll of summoning
 I - a scroll of silence {unknown}
Potions
 d - 2 potions of haste
 h - 3 potions of ambrosia
 i - 4 potions of flight
 s - 5 potions of lignification
 x - a potion of berserk rage


   Skills:
 + Level 15.1 Fighting
 + Level 16.8 Axes
 + Level 16.2 Armour
 + Level 6.2 Dodging
 + Level 8.0 Shields
 + Level 2.5 Evocations


You had 13 spell levels left.
You didn't know any spells.
Your spell library was empty.

Dungeon Overview and Level Annotations

Branches:
Dungeon (9/15)             Temple (0/1) D:5            Lair (6/6) D:9
  Swamp (0/4) Lair:4        Snake (0/4) Lair:4        Slime (0/5) Lair:6
    Orc: D:9-12

Altars:
Hepliaklqana
Uskayaw
Jiyva

Shops:
D:6 *   D:8 (   D:9 [

Annotations:
Lair:2 3 runed translucent doors, DemonSlayer's ghost, journeyman DsFE; mdk's ghost, journeyman DECj; phonic's ghost, journeyman HOMo; turdburglar's ghost, journeyman MiGl


Innate Abilities, Weirdness & Mutations

You have a pair of horns on your head.
You reflexively headbutt those who attack you in melee.


Message History

You block the tyrant leech's attack.
You hit the tyrant leech but do no damage.
The tyrant leech is heavily wounded.
You feel yourself speed up. The tyrant leech bites you.
* * * LOW HITPOINT WARNING * * *
The tyrant leech draws strength from your injuries!
Being near the torpor snail leaves you feeling lethargic.
Aiming: Iceblast
Press: ? - help, Q - select action, (/) - cycle Shift-Dir - straight line
Okay, then.
Aiming: Corrosive Bolt
Press: ? - help, Q - select action, (/) - cycle Shift-Dir - straight line, f - tyrant leech
Aim: a tyrant leech (heavily wounded, 53% to hit)
The bolt of acid hits the tyrant leech!!
The acid corrodes the tyrant leech!
The tyrant leech is almost dead.
The tyrant leech bites you but does no damage.
A torpor snail comes into view.
Aiming: Corrosive Bolt
Press: ? - help, Q - select action, (/) - cycle Shift-Dir - straight line, f - torpor snail, p - tyrant leech
Aim: a torpor snail (100% to hit)
The bolt of acid hits the tyrant leech!!
You kill the tyrant leech!
Trog accepts your kill.
The bolt of acid hits the torpor snail!
The acid corrodes the torpor snail!
The torpor snail is moderately wounded.
The lindwurm barely misses you. You block the lindwurm's attack. x2
You hit the lindwurm.
The lindwurm is lightly wounded.
The lindwurm closely misses you. You furiously retaliate!
You headbutt the lindwurm, but do no damage.
The lindwurm claws you but does no damage. x2
You completely miss the lindwurm.
You headbutt the lindwurm, but do no damage.
The lindwurm is lightly wounded.
The lindwurm breathes flames at you. The blast of flame hits you!!!
You die...

##### # ###.P.####
####..
###.......)#####.....
##....#.#.....##....P
##....#####.....#..#
#...##.# #.##.....##
## ##.⌠.###
######kw..###.##
###'#...###
#@#....P.#.#
#..###....#
####.......###
)...###..##
##........# ....#
##..### #...####...
...#####....# #...#.#
..####.##..##
#P..#.## #####..#..##
.PP.# # ####.#...##
##$.. ##..#.....#
#.kw


You could see a torpor snail (corroded) and a lindwurm (catching breath).

Vanquished Creatures
  An ice dragon (Lair:6)
  7 hydras
  A boulder beetle (Lair:6)
  Harold (Lair:1)
  2 catoblepae (Lair:6)
  The ghost of SanguineChosen the Carver, a journeyman GrFi (D:9)
  A two-headed ogre (D:8)
  4 death yaks
  5 skeletal warriors (D:8)
  A bog body (Lair:4)
  2 manticores (Lair:6)
  4 torpor snails
  6 black mambas
  16 elephants (Lair:6)
  19 cane toads
  3 rime drakes
  6 komodo dragons
  A troll (D:9)
  3 polar bears
  2 hornets (Lair:6)
  11 blink frogs
  A tyrant leech (Lair:6)
  2 dream sheep (Lair:6)
  2 spriggans (D:9)
  30 yaks
  3 basilisks
  4 fire bats (Lair:5)
  2 wyverns
  2 acid dragons
  Edmund (D:4)
  The ghost of Diggabert the Cutter, an amateur VSFi (D:4)
  19 water moccasins
  9 black bears
  An orc warrior (D:8)
  A hornet zombie (D:8)
  An ice beast (D:6)
  8 wolves
  3 centaurs
  4 ogres
  A kobold brigand (D:8)
  9 bullfrogs
  A wyvern skeleton (D:3)
  2 scorpions (D:5)
  The ghost of lotum the Magician, a weakling TrWz (D:3)
  5 killer bees (D:9)
  A water moccasin skeleton (D:5)
  3 wights (D:7)
  A howler monkey (D:5)
  2 electric eels (D:7)
  4 centaur zombies
  2 centaur skeletons (D:3)
  Crazy Yiuf (D:3)
  3 orc priests
  A bullfrog skeleton (D:6)
  A gnoll shaman (D:8)
  A hound (D:7)
  5 iguanas
  2 orc wizards (D:9)
  2 hell rats (Lair:6)
  3 hound skeletons (D:4)
  2 howler monkey zombies
  5 gnolls (D:8)
  2 howler monkey skeletons
  5 adders
  A shadow imp (D:7)
  5 worms
  A dart slug (D:3)
  21 orcs
  5 endoplasms
  4 giant cockroaches
  6 goblins
  5 hobgoblins
  6 quokkas
  5 ball pythons
  7 bats
  5 frilled lizards
  10 kobolds
  6 rats
343 creatures vanquished.

Vanquished Creatures (others)
  A bush (Lair:6)
  28 fungi
  114 plants
143 creatures vanquished.

Grand Total: 486 creatures vanquished

Notes
Turn   | Place    | Note
-------+----------+-------------------------------------------
     0 | D:1      | SanguineChosen the Minotaur Berserker began the quest for
                  | the Orb.
     0 | D:1      | Reached XP level 1. HP: 19/19 MP: 0/0
   319 | D:1      | Reached XP level 2. HP: 27/27 MP: 1/1
   514 | D:1      | Found a faded altar of an unknown god.
   981 | D:2      | Reached ** piety under Trog
   982 | D:2      | Reached XP level 3. HP: 33/33 MP: 2/2
  1397 | D:2      | Reached XP level 4. HP: 41/41 MP: 3/3
  1921 | D:3      | Found a hide-covered altar of Uskayaw.
  1987 | D:3      | Found a runed translucent gate.
  1987 | D:3      | Found a runed translucent gate.
  1988 | D:3      | Found a runed translucent gate.
  1990 | D:3      | Noticed lotum's ghost (weakling TrWz)
  2369 | D:3      | Reached skill level 5 in Axes
  2437 | D:3      | Found a runed translucent door.
  2438 | D:3      | Noticed Crazy Yiuf
  2767 | D:3      | Reached XP level 5. HP: 44/47 MP: 4/4
  2784 | D:3      | Killed lotum's ghost
  3043 | D:3      | Reached skill level 5 in Fighting
  3043 | D:3      | Reached XP level 6. HP: 40/56 MP: 5/5
  3249 | D:3      | Killed Crazy Yiuf
  3776 | D:4      | Identified the ring "Reucoil" {Fly Dex+4 SInv Stlth+}
  3781 | D:4      | Noticed Edmund
  3838 | D:4      | Reached XP level 7. HP: 13/61 MP: 6/6
  4133 | D:4      | Reached *** piety under Trog
  4213 | D:4      | Identified a scroll of acquirement
  4213 | D:4      | Acquired the +8 orange crystal plate armour {Archmagi,
                  | Int+3 Clar}
  4213 | D:4      | Found the +8 orange crystal plate armour {Archmagi, Int+3
                  | Clar}
  4517 | D:4      | Killed Edmund
  4518 | D:4      | Reached skill level 5 in Armour
  4604 | D:4      | Found a transporter.
  4605 | D:4      | Noticed Diggabert's ghost (amateur VSFi)
  4606 | D:4      | Found a transporter.
  4606 | D:4      | Identified the +8 giant club "Mite" {freeze, rF+ Str-2
                  | Int+3 Dex-3 SInv}
  4763 | D:4      | Killed Diggabert's ghost
  4861 | D:5      | Entered Level 5 of the Dungeon
  4909 | D:5      | Reached XP level 8. HP: 71/71 MP: 7/7
  4911 | D:5      | Found a staircase to the Ecumenical Temple.
  5778 | D:6      | Found Ypet's General Store.
  6440 | D:6      | Reached skill level 10 in Axes
  6971 | D:7      | Reached XP level 9. HP: 68/79 MP: 8/8
  7213 | D:7      | Reached **** piety under Trog
  8075 | D:8      | Noticed a two-headed ogre
  8091 | D:8      | Killed a two-headed ogre
  8405 | D:8      | Noticed a skeletal warrior
  8405 | D:8      | Noticed a skeletal warrior
  8746 | D:8      | Noticed a skeletal warrior
  8776 | D:8      | Killed a skeletal warrior
  8777 | D:8      | Reached XP level 10. HP: 70/90 MP: 9/9
  8791 | D:8      | Noticed a skeletal warrior
  8802 | D:8      | Killed a skeletal warrior
  8828 | D:8      | Killed a skeletal warrior
  8852 | D:8      | Killed a skeletal warrior
  8853 | D:8      | Reached skill level 10 in Armour
  8853 | D:8      | Reached skill level 1 in Evocations
  9057 | D:8      | Noticed a skeletal warrior
  9089 | D:8      | Killed a skeletal warrior
  9196 | D:8      | Found Comoa's Weapon Emporium.
 10232 | D:9      | Found Ihentops's Armour Emporium.
 10294 | D:9      | Found a staircase to the Lair.
 10346 | D:9      | Found a runed translucent door.
 10349 | D:9      | Identified the +12 spear "Bunet" {freeze, Fragile Int+2
                  | Dex+6}
 10356 | D:9      | Noticed SanguineChosen's ghost (journeyman GrFi)
 10866 | D:9      | Reached XP level 11. HP: 71/99 MP: 10/10
 10914 | D:9      | Killed SanguineChosen's ghost
 10915 | D:9      | Reached skill level 10 in Fighting
 11035 | Lair:1   | Entered Level 1 of the Lair of Beasts
 11554 | Lair:1   | Noticed Harold
 11575 | Lair:1   | Killed Harold
 11576 | Lair:1   | Reached skill level 1 in Shields
 12558 | Lair:1   | Reached skill level 15 in Axes
 13276 | Lair:2   | Reached XP level 12. HP: 63/111 MP: 11/11
 14003 | Lair:2   | Found a runed translucent gate.
 14003 | Lair:2   | Found a runed translucent gate.
 14003 | Lair:2   | Found a runed translucent gate.
 14004 | Lair:2   | Noticed DemonSlayer's ghost (journeyman DsFE)
 14005 | Lair:2   | Noticed DemonSlayer's ghost (journeyman DsFE)
 14005 | Lair:2   | Noticed phonic's ghost (journeyman HOMo)
 14005 | Lair:2   | Noticed mdk's ghost (journeyman DECj)
 14005 | Lair:2   | Noticed turdburglar's ghost (journeyman MiGl)
 14372 | Lair:3   | Noticed a seven-headed hydra
 14391 | Lair:3   | Killed a seven-headed hydra
 14580 | Lair:3   | Found a hide-covered altar of Uskayaw.
 15497 | Lair:4   | Noticed a seven-headed hydra
 15500 | Lair:4   | Noticed a seven-headed hydra
 15500 | Lair:4   | Noticed a death yak
 15531 | Lair:4   | Reached skill level 5 in Dodging
 15587 | Lair:4   | Found a staircase to the Snake Pit.
 15885 | Lair:4   | Found a staircase to the Swamp.
 15972 | Lair:4   | Reached ***** piety under Trog
 16010 | Lair:4   | Killed a seven-headed hydra
 16063 | Lair:4   | Killed a seven-headed hydra
 16324 | Lair:4   | Reached skill level 5 in Shields
 16871 | Lair:4   | Killed a death yak
 17107 | Lair:5   | Found a hazy altar of Hepliaklqana.
 17155 | Lair:5   | Reached XP level 13. HP: 122/122 MP: 12/12
 17821 | Lair:6   | Entered Level 6 of the Lair of Beasts
 17888 | Lair:6   | Reached skill level 15 in Armour
 19222 | Lair:6   | Found a viscous altar of Jiyva.
 19222 | Lair:6   | Found a staircase to the Slime Pits.
 20169 | Lair:6   | Reached skill level 15 in Fighting
 20201 | Lair:6   | Reached XP level 14. HP: 130/135 MP: 13/13
 20398 | Lair:6   | Found a runed translucent door.
 20811 | Lair:6   | Paralysed by a hornet for 1 turns
 20866 | Lair:6   | Killed from afar by a lindwurm

Illustrated notes

Levels and vault maps discovered:
D:1:      dpeg_arrival_connections, layout_rooms, serial_forest,
          infiniplex_forest_clump_diagonal, infiniplex_forest_diagonal,
          infiniplex_forest_straight_4, infiniplex_forest_split,
          infiniplex_forest_end_3, infiniplex_forest_pool,
          infiniplex_forest_lined_room_3, infiniplex_forest_zigzag_1,
          shapermc_ecumenical_altar_ellora, minmay_tall_x
D:2:      layout_rooms, serial_forest, infiniplex_forest_corner_1,
          infiniplex_forest_end_2, infiniplex_forest_join,
          infiniplex_forest_end_2, infiniplex_forest_clump_small,
          infiniplex_forest_end_double
D:3:      layout_loops_ring, nicolae_uskayaw_suspiria,
          gammafunk_ghost_necromancy, kennysheep_generic_room_6,
          uniq_crazy_yiuf_cottage
D:4:      layout_rooms, gammafunk_ghost_smash, dk_vineyard_3, uniq_edmund
D:5:      layout_basic, minmay_temple_entry_overgrown, serial_bayou_lagoon_a
D:6:      layout_loops_ring, nicolae_take_the_stairs,
          chequers_serial_rivers_small_a, ldierk_geyser
D:7:      layout_rooms, grunt_ministairs_6, minmay_misc_feat_roman,
          serial_bayou_ford_a
D:8:      minmay_weird_star, layout_loops_ring, serial_shops,
          nicolae_shop_bloodbath_and_beyond
D:9:      layout_basic, david_lair_shrubbed, ebering_ghost_funeral_grove,
          serial_shops, kennysheep_little_box, chequers_serial_rivers_micro_e,
          nicolae_elevator_lobby_plus
Lair:1:   layout_gridlike, chequers_serial_rivers_small_a, beast_lair_carwin_1,
          infiniplex_staircase_pool_2, lemuel_fruit_tree, uniq_harold
Lair:2:   layout_regular_city, gammafunk_ghost_cemetery,
          grunt_forest_small_clearings, grunt_megastairs_3, serial_bayou_shore_b
Lair:3:   layout_gridlike, basic_altar, serial_bayou_shore_a,
          infiniplex_staircase_pool
Lair:4:   layout_cave_shapes, skrybe_swamp_entry_bodies,
          guppyfry_snake_entry_garden, hangedman_lair_generics_rect
Lair:5:   layout_gridlike, basic_altar
Lair:6:   wormcave, layout_regular_city, hangedman_lair_in_review,
          slime_altar_1, nicolae_lair_grazing_beasts
          [nicolae_sub_lair_graze_edge, nicolae_sub_lair_graze_edge,
          nicolae_sub_lair_graze_edge, nicolae_sub_lair_graze_edge]

Skill      XL: |  1  2  3  4  5  6  7  8  9 10 11 12 13 14 |
---------------+-------------------------------------------+-----
Fighting       | 4 5 6 7 8 9 11 13 15 | 15.1
Axes           | 4 5 6 8 10 12 13 15 16 | 16.8
Dodging        | 3 4 5 6 |  6.2
Armour         | 3 4 5 7 9 11 13 14 16 | 16.2
Evocations     | 1 2 |  2.5
Shields        | 2 5 7 8 |  8.0

Action                   |  1- 3 |  4- 6 |  7- 9 | 10-12 | 13-15 || total
-------------------------+-------+-------+-------+-------+-------++-------
Melee: Hand axe          |    82 |    92 |   323 |   644 |   502 ||  1643
       Headbutt          |    14 |    22 |    57 |   190 |   166 ||   449
       Punch             |       |     2 |     6 |     1 |       ||     9
       Flail             |       |       |       |   100 |    27 ||   127
Throw: Dart              |       |       |     1 |    14 |       ||    15
Invok: Trog's Hand       |       |       |       |     8 |     5 ||    13
Evoke: Wand              |       |       |     5 |     8 |    13 ||    26
  Use: Scroll            |       |     4 |    17 |     7 |     2 ||    30
       Potion            |       |     1 |     2 |     7 |     5 ||    15
 Stab: Petrified         |       |       |       |       |     6 ||     6
       Invisible         |       |       |       |       |     5 ||     5
Armor: Animal skin       |    20 |     3 |       |       |       ||    23
       Ring mail         |       |    29 |    12 |       |       ||    41
       Crystal plate arm |       |       |   164 |   456 |   400 ||  1020
       Skin              |       |       |       |   131 |       ||   131
Dodge: Dodged            |    49 |    60 |    69 |   207 |   150 ||   535
Block: Buckler           |       |       |       |    99 |   133 ||   232
